 Dungeon Crawl Stone Soup version 0.17.2-1-ge4368a0 (webtiles) character file.

2263 Goblin1989 the Quickloader (level 9, -5/56 HPs)
             Began as a Kobold Berserker on Oct 23, 2016.
             Was a Priest of Trog.
             Killed from afar by a white imp (7 damage)
             ... with a puff of frost
             ... summoned by Eustachio
             ... on level 6 of the Dungeon.
             The game lasted 00:22:33 (5313 turns).

Goblin1989 the Quickloader (Kobold Berserker)       Turns: 5313, Time: 00:22:34

Health: -5/56      AC:  6    Str: 15    XL:     9   Next: 65%
Magic:  9/9        EV: 18    Int:  5    God:    Trog [***...]
Gold:   175        SH:  0    Dex: 19    Spells: 0 memorised, 8 levels left

rFire  . . .     SeeInvis .     a - +0 short sword
rCold  . . .     Clarity  +     l - +0 ring mail
rNeg   . . .     SustAt   .     (shield restricted)
rPois  .         Gourm    .     (no helmet)
rElec  .         Spirit   .     (no cloak)
rCorr  .         Warding  .     f - +0 pair of gloves
rMut   .         Stasis   .     (no boots)
MR     .....                    t - amulet of clarity
Stlth  +++.......               (no ring)
                                (no ring)

@: not resistant to hostile enchantments, fairly stealthy
A: carnivore 3
a: Berserk, Trog's Hand, Burn Spellbooks, Renounce Religion


You were on level 6 of the Dungeon.
You worshipped Trog.
Trog was most pleased with you.
You were completely stuffed.

You visited 1 branch of the dungeon, and saw 6 of its levels.

You collected 189 gold pieces.
You spent 14 gold pieces at shops.

Inventory:

Hand Weapons
 a - a +0 short sword (weapon)
 q - a +0 hand crossbow
Armour
 f - a +0 pair of gloves (worn)
 l - a +0 ring mail (worn)
Jewellery
 o - an uncursed amulet of stasis {!P}
 t - an amulet of clarity (around neck)
Wands
 L - a wand of lightning (5)
 P - a wand of paralysis (16)
Scrolls
 b - a scroll of remove curse {unknown}
 e - a scroll of enchant armour {unknown}
 j - 2 scrolls of magic mapping {unknown}
 m - 3 scrolls of fear {unknown}
 T - 2 scrolls of teleportation {!r, @r4}
Potions
 h - a potion of mutation {!q}
 i - 2 potions of curing {@q1}
 n - 2 potions of heal wounds {!q, @q2}
 r - 2 potions of haste {!q, @q3}
 s - a potion of flight
 u - a potion of brilliance
 v - a potion of resistance
Comestibles
 c - 2 meat rations {@e2}
 d - 3 chunks of flesh {@w0}


   Skills:
 + Level 6.5 Fighting
 - Level 8.0 Short Blades
 * Level 8.5 Crossbows
 - Level 1.5 Throwing
 - Level 1.5 Armour
 + Level 6.6 Dodging
 - Level 4.8 Stealth


You had 8 spell levels left.
You didn't know any spells.

Dungeon Overview and Level Annotations

Branches:
Dungeon (6/15)
 Temple: D:4-7

Altars:
Cheibriados
Fedhas
Nemelex Xobeh
Okawaru
Qazlal
Sif Muna
Vehumet
The Shining One

Shops:
D:6 *

Annotations:
D:3 Sigmund
D:6 Eustachio


Innate Abilities, Weirdness & Mutations

You are small and have problems with some larger weapons.
You are carnivorous and can eat meat at any time.


Message History

Your skin stops crawling.
You feel less resistant to hostile enchantments.
You hear some strange, mumbled words.
Something tries to affect you, but you resist.
The orc hits you but does no damage. The shadow imp completely misses you.
The white imp gestures at you. The puff of frost hits you!
* * * LOW HITPOINT WARNING * * *
You hit Eustachio but do no damage.
Eustachio is severely wounded.
Eustachio barely misses you. Something completely misses you.
You take 8 damage, and have 2/56 hp.
Unknown command.
You hit Eustachio but do no damage.
Eustachio is severely wounded.
The shadow imp hits you but does no damage.
The orc completely misses you. The white imp gestures at you.
The puff of frost hits you!
You die...

...... ▲..... █..<..█
......█████....█ █▲█.███.███.
...............██ ............
█████...........█ █
...████.████ ...........██.██
▲........ ███......█....██..█
███......
███...(....∆).).b...█ █..███.
....████████...{o██..█ █..█ █.
..........██$.r5@██..██ █..█
█.
...██████.██..b@5██...█████..█
█. ...█ █.██...5r██..........█
█. ...█ █.██████.█........██.█
█. ...█ █.█ █.█........██.█ █.


████ ██∆██████.█........██.███. █.....÷...█........▲......
█....))...█........██.████ █.........█...<....▲.....█ You could see Eustachio, a
white imp, a shadow imp, an orc, an ufetubus, 2 quokkas and 2 bats.

Vanquished Creatures
  Pikel (D:4)
  Grinder (D:5)
  Duvessa (D:5)
  An ice beast (D:4)
  4 phantoms (D:4)
  3 ogres
  A centaur (D:6)
  Dowan (D:5)
  A giant frog (D:3)
  A scorpion (D:4)
  3 hounds
  A crimson imp (D:3)
  A giant frog skeleton (D:5)
  An orc priest (D:6)
  2 jellies (D:6)
  A centaur skeleton (D:4)
  An iguana (D:6)
  3 orc wizards (D:5)
  A worker ant (D:4)
  A worker ant zombie (D:6)
  9 adders
  An ooze (D:2)
  An adder zombie (D:6)
  3 worms
  8 orcs
  A ball python (D:6)
  5 giant cockroaches
  3 goblins
  3 hobgoblins
  14 jackals
  5 kobolds
  A quokka (D:2)
  8 bats
  7 giant geckos
  3 giant newts
  A jackal skeleton (D:4)
  7 rats
110 creatures vanquished.

Vanquished Creatures (others)
  2 slaves (D:4)
  A scorpion (D:4)
  A worker ant (D:4)
4 creatures vanquished.

Grand Total: 114 creatures vanquished

Notes
Turn   | Place    | Note
--------------------------------------------------------------
     0 | D:1      | Goblin1989 the Kobold Berserker began the quest for the Orb.
     0 | D:1      | Reached XP level 1. HP: 14/14 MP: 1/1
    80 | D:1      | Reached skill level 1 in Stealth
    95 | D:1      | Reached XP level 2. HP: 13/19 MP: 2/2
   731 | D:1      | Reached XP level 3. HP: 23/23 MP: 3/3
   744 | D:1      | Reached ** piety under Trog
   867 | D:2      | Reached skill level 5 in Short Blades
  1332 | D:2      | Reached XP level 4. HP: 18/28 MP: 4/4
  1743 | D:3      | Noticed a giant frog
  1766 | D:3      | Killed a giant frog
  1766 | D:3      | Reached skill level 6 in Short Blades
  1766 | D:3      | Reached XP level 5. HP: 27/32 MP: 5/5
  1948 | D:3      | Reached skill level 7 in Short Blades
  2080 | D:3      | Reached *** piety under Trog
  2080 | D:3      | Reached XP level 6. HP: 37/37 MP: 6/6
  2110 | D:3      | Noticed Sigmund
  2274 | D:4      | Reached skill level 8 in Short Blades
  2496 | D:4      | Reached skill level 1 in Throwing
  2496 | D:4      | Reached XP level 7. HP: 27/41 MP: 7/7
  2578 | D:4      | Reached skill level 1 in Crossbows
  2889 | D:4      | Noticed a slave
  2889 | D:4      | Noticed a slave
  2891 | D:4      | Noticed Pikel
  2894 | D:4      | Noticed a slave
  2908 | D:4      | Killed Pikel
  2908 | D:4      | Reached XP level 8. HP: 48/48 MP: 8/8
  2912 | D:4      | Noticed a freed slave
  2968 | D:4      | Noticed an ice beast
  2995 | D:4      | Killed an ice beast
  2995 | D:4      | Reached skill level 5 in Fighting
  2995 | D:4      | Reached skill level 5 in Crossbows
  3152 | D:4      | Found a snail-covered altar of Cheibriados.
  3228 | D:4      | Killed a freed slave
  3382 | D:4      | Reached skill level 5 in Dodging
  3400 | D:4      | Killed a freed slave
  3729 | D:4      | Found a deep blue altar of Sif Muna.
  3730 | D:4      | Found a radiant altar of Vehumet.
  3730 | D:4      | Found a glowing golden altar of the Shining One.
  3732 | D:4      | Found a stormy altar of Qazlal.
  3732 | D:4      | Found a blossoming altar of Fedhas.
  3733 | D:4      | Found a sparkling altar of Nemelex Xobeh.
  3776 | D:5      | Entered Level 5 of the Dungeon
  3780 | D:5      | Noticed Duvessa
  3781 | D:5      | Noticed Dowan
  3793 | D:5      | Killed Duvessa
  3793 | D:5      | Reached XP level 9. HP: 54/54 MP: 9/9
  3797 | D:5      | Killed Dowan
  3833 | D:5      | Found an iron altar of Okawaru.
  3888 | D:5      | Noticed Grinder
  3902 | D:5      | Paralysed by Grinder for 3 turns
  3914 | D:5      | Killed Grinder
  4686 | D:6      | Found Qotrak's Serpentskin Sales.
  4705 | D:6      | Bought a potion of poison for 14 gold pieces
  5265 | D:6      | Noticed Eustachio
  5311 | D:6      | HP: 1/56 [white imp/puff of frost[Eustachio] (9)]
  5313 | D:6      | Killed from afar by a white imp

Action                   |  1- 3 |  4- 6 |  7- 9 || total
-------------------------+-------+-------+-------++-------
Melee: Short sword       |   141 |   208 |   421 ||   770
Invok: Berserk           |     2 |     3 |     3 ||     8
       Trog's Hand       |       |     2 |     5 ||     7
  Use: Scroll            |       |       |     9 ||     9
 Stab: Sleeping          |     6 |     4 |     5 ||    15
       Distracted        |       |       |     1 ||     1
  Eat: Chunk             |    11 |     4 |    15 ||    30
       Beef jerky        |       |       |     1 ||     1

Vault maps used:
D:1:      shiori_arrival_oz, minmay_crystal_water
D:3:      uniq_sigmund
D:4:      grunt_temple_overflow_open, uniq_pikel
D:5:      temple_doors_d, first_bread, serial_shops, nicolae_shop_trees,
          eino_curves_01, okawaru_gym_becter, uniq_grinder, uniq_duvessa,
          uniq_prince_ribbit1
D:6:      serial_shops, kennysheep_little_box, grunt_decor_mini_mirrors,
          guppyfry_shop_venom, uniq_eustachio, uniq_crazy_yiuf_cottage
